 Dungeon Sprint DCSS version 0.29-a0-96-g93358da72b (webtiles) character file.

Game seed: 10501713645247960308

9 cyrus the Skirmisher (level 2, -10/45 HPs)
             Began as a Naga Fighter on Feb 11, 2022.
             Mangled by Menkaure (12 damage)
             ... in the Dungeon (Sprint II: "The Violet Keep of Menkaure").
             The game lasted 00:00:38 (330 turns).

cyrus the Skirmisher (Naga Fighter)                  Turns: 330, Time: 00:00:39

Health: -10/45     AC:  4    Str: 18    XL:     2   Next: 16%
Magic:  2/2        EV:  7    Int:  8    God:
Gold:   243        SH:  4    Dex: 10    Spells: 1/1 levels left

rFire   . . .      SeeInvis +   a - +0 trident
rCold   . . .      Faith    .   c - +0 buckler
rNeg    . . .      Spirit   .   b - +0 scale mail
rPois   +          Reflect  .   (no helmet)
rElec   .          Harm     .   (no cloak)
rCorr   .          Rampage  .   (no gloves)
Will    .....      NoTele   +   (no barding)
Stlth   ..........              (no amulet)
HPRegen 0.15/turn               (no ring)
MPRegen 0.08/turn               (no ring)

@: berserking, quick
A: AC +0, large, see invisible, deformed body, poison resistance, slowness 2,
spit poison 1, naga tail 1
a: Spit Poison


You were in the Dungeon.
You visited 1 branch You collected 243 gold pieces.

Inventory:

Hand Weapons
 a - a +0 trident (weapon)
Armour
 b - a +0 scale mail (worn)
 c - a +0 buckler (worn)
Scrolls
 j - a scroll of blinking
Potions
 f - a potion of heal wounds
 g - a potion of haste
 h - 2 potions of magic


   Skills:
 + Level 3.7 Fighting
 + Level 2.3 Polearms
 + Level 3.1 Armour
 + Level 3.0 Shields


You had one spell level left.
You didn't know any spells.
Your spell library was empty.

Dungeon Overview and Level Annotations

Branches:
Dungeon (1/1)

Altars:

Annotations:
D Menkaure


Innate Abilities, Weirdness & Mutations

Your serpentine skin is tough. (AC +0)
You have supernaturally acute eyesight. (SInv)
Armour fits poorly on your strangely shaped body.
Your system is resistant to poisons. (rPois)
You cover ground very slowly.
You can spit poison.
You have a snake-like lower body.


Message History

You kill the worm!
Your Shields skill increases to level 3!
You have reached level 2!
You start resting.
You feel a little less mighty now.
You start resting.
HP restored.
You start waiting.
You start waiting.
The walls and floor vibrate strangely for a moment.
There is an open door here.
Found 243 gold pieces.
You now have 243 gold pieces.
You open the door.
The flying skull gives a hideous shriek! x3
You hear a hideous shriek! x4
The flying skull gives a hideous shriek! x2
You hear a hideous shriek!
There is an open door here.
Menkaure, Prince of Dust comes into view.
The flying skull gives a hideous shriek! x2
Menkaure gestures wildly while chanting.
Menkaure seems to speed up.
Menkaure hits you.
You hit Menkaure but do no damage.
Menkaure gestures at you while chanting.
Pain shoots through your body!
A red film seems to cover your vision as you go berserk!
You feel yourself moving faster!
You feel mighty! Menkaure closely misses you.
Menkaure calls on the powers of darkness!
Your body is wracked with pain!
You puncture Menkaure!
Menkaure is heavily damaged.
Menkaure points at you and mumbles some strange words.
Pain shoots through your body!
* * * LOW HITPOINT WARNING * * *
You barely miss Menkaure.
Menkaure is heavily damaged.
Menkaure hits you!
You die... ####+#### ##..°....## ..°...°°.## ...§.°...# zzzzz.. zzzz

##≈≈#+++#+++##
#≈≈≈..M@.....#
#≈≈≈≈.##'##..#
#≈≈≈≈##..### #
#≈≈≈ #..##.#
#≈≈ ##.#.# #≈
##'# # ##.##
+.<.+ ##.##


You could see Menkaure (fast) and 6 flying skulls.

Vanquished Creatures
  3 worms (D)
3 creatures vanquished.

Notes
Turn   | Place    | Note
-------+----------+-------------------------------------------
     0 | D        | cyrus the Naga Fighter began the quest for the Orb.
     0 | D        | Reached XP level 1. HP: 21/21 MP: 1/1
    23 | D        | Reached XP level 2. HP: 18/30 MP: 2/2
   323 | D        | Noticed a flying skull
   323 | D        | Noticed a flying skull
   323 | D        | Noticed a flying skull
   323 | D        | Noticed a flying skull
   323 | D        | Noticed a flying skull
   323 | D        | Noticed a flying skull
   323 | D        | Noticed a flying skull
   323 | D        | Noticed a flying skull
   324 | D        | Noticed a flying skull
   324 | D        | Noticed a flying skull
   325 | D        | Noticed a flying skull
   325 | D        | Noticed a flying skull
   325 | D        | Noticed Menkaure
   329 | D        | HP: 2/45 [Menkaure/nerve-wracking pain (14)]
   330 | D        | Mangled by Menkaure

Illustrated notes

Levels and vault maps discovered:
D:        the_violet_keep_of_menkaure [sprint2_stairs_cluster_1,
          sprint2_shoproom, sprint2_temple, sprint2_basic_supplies,
          sprint2_obstacle_7, sprint2_obstacle_6, sprint2_obstacle_1,
          sprint2_obstacle_5, sprint2_obstacle_3, sprint2_timed_cluster_1,
          sprint2_smallroom_cluster_1, sprint2_smallroom_final_cluster_1,
          sprint2_transparent_cluster_1, sprint2_second_timed_cluster_1,
          sprint2_sniper_area_1, sprint2_heavy_combat_area_1,
          sprint2_mutation_trap_area_1, sprint2_forest_area_1,
          sprint2_light_combat_area_1, sprint2_behind_water_1,
          sprint2_near_end_vault_1]

Skill      XL: |  1 |
---------------+----+-----
Armour         | 3 |  3.1
Shields        | 3 |  3.0
Fighting       | |  3.7
Polearms       | |  2.3

Action                   || total
-------------------------++-------
Melee: Trident           ||    20
  Use: Potion            ||     3
Dodge: Dodged            ||     4
Block: Buckler           ||     3

Table legend: (Time is in decaauts)
 A = Elapsed time spent in this place.
 B = Non-inter-level travel time spent in this place.
 C = Inter-level travel time spent in this place.
 D = Time resting spent in this place.
 E = Time spent auto-exploring this place.
 F = Levels seen in this place.
 G = Mean time per level.
                   A        B        C        D        E       F      G
               +--------+--------+--------+--------+--------+-----+--------+
         Total |    338 |    336 |      2 |    294 |      0 |   1 |  338.0 |
       Dungeon |    338 |    336 |      2 |    294 |      0 |   1 |  338.0 |
               +--------+--------+--------+--------+--------+-----+--------+

Top non-repeatable levels by time:
       D: 338 daAuts
